 Dungeon Crawl Stone Soup version 0.27-a0-1101-ge311f74 (webtiles) character file.

Game seed: 4738622302762504252

13 Nithhogg the Skirmisher (level 2, 24/24 HPs)
             Began as a Demonspawn Fighter on Apr 28, 2021.
             Quit the game on level 1 of the Dungeon.
             The game lasted 00:00:55 (264 turns).

Nithhogg the Skirmisher (Demonspawn Fighter)         Turns: 264, Time: 00:00:56

Health: 24/24      AC:  6    Str: 16    XL:     2   Next: 24%
Magic:  2/2        EV:  6    Int:  9    God:
Gold:   26         SH:  8    Dex: 12    Spells: 1/1 levels left

rFire    . . .     SeeInvis .   a - +0 war axe
rCold    . . .     Faith    .   c - +0 kite shield
rNeg     . . .     Spirit   .   b - +0 scale mail
rPois    .         Reflect  .   (no helmet)
rElec    .         Harm     .   (no cloak)
rCorr    .         Rampage  .   (no gloves)
Will     .....                  (no boots)
Stlth    ..........             (no amulet)
HPRegen  0.08/turn              (no ring)
MPRegen  0.08/turn              (no ring)

@: no status effects
A: claws 1
a: no special abilities


You were on level 1 of the Dungeon.
You visited 1 branch of the dungeon, and saw 1 of its levels.

You collected 26 gold pieces.

Inventory:

Hand Weapons
 a - a +0 war axe (weapon)
Armour
 b - a +0 scale mail (worn)
 c - a +0 kite shield (worn)
Potions
 d - a potion of might
 e - a potion of flight {unknown}


   Skills:
 + Level 3.2 Fighting
 + Level 2.0 Axes
 + Level 2.8 Armour
 - Level 2.6 Shields
 + Level 1.1 Invocations


You had one spell level left.
You didn't know any spells.
Your spell library was empty.

Dungeon Overview and Level Annotations

Branches:
Dungeon (1/15)

Altars:


Innate Abilities, Weirdness & Mutations

You have sharp fingernails.


Message History

You hit the jackal.
The jackal is moderately wounded.
You block the jackal's attack. The jackal closely misses you.
You slash the jackal!
You kill the jackal!
The jackal bites you but does no damage.
The jackal completely misses you.
You closely miss the jackal. You block the jackal's attack. x2
You hit the jackal.
The jackal is heavily wounded.
The jackal bites you but does no damage.
The jackal barely misses you.
You hit the jackal.
The jackal is heavily wounded.
You block the jackal's attack.
The jackal bites you but does no damage. x2
You completely miss the jackal.
The jackal is heavily wounded.
You block the jackal's attack. The jackal barely misses you.
You hit the jackal.
You kill the jackal!
You block the jackal's attack.
You hit the jackal.
The jackal is almost dead.
You block the jackal's attack.
The jackal bites you but does no damage.
You hit the jackal but do no damage.
The jackal is almost dead.
The jackal barely misses you. You block the jackal's attack.
You hit the jackal.
You kill the jackal!
No target in view!
No target in view!
No target in view!
No target in view!
Things that are here:
a ball python corpse; a bat corpse You open the door.
A quokka comes into view.
Are you sure you want to abandon this character and quit the game? (Confirm with "yes".)

## # . .# .# ###.. r##
##. .###....# ... ..
.#....#.# #.#..
>..####.### ##.#.###
........... ......
...##...########.#.#####
................@.......
...#...#########.#.#+###
...#.............#...
...#..#####.............
.......# #.#######.....
.#.....# #.# ....
.......# #.# ...
.##..#.####.# .. .
#......†..###### .


You could see a quokka.

Vanquished Creatures
  An endoplasm (D:1)
  A goblin (D:1)
  3 jackals (D:1)
  5 ball pythons (D:1)
  A bat (D:1)
  A frilled lizard (D:1)
12 creatures vanquished.

Notes
Turn   | Place    | Note
-------+----------+-------------------------------------------
     0 | D:1      | Nithhogg the Demonspawn Fighter began the quest for the
                  | Orb.
     0 | D:1      | Reached XP level 1. HP: 18/18 MP: 1/1
   184 | D:1      | Reached skill level 1 in Invocations
   184 | D:1      | Gained mutation: You have sharp fingernails. [demonic
                  | ancestry]
   184 | D:1      | Reached XP level 2. HP: 18/24 MP: 2/2
   264 | D:1      | Quit the game

Illustrated notes

Levels and vault maps discovered:
D:1:      co_arrival_random_square_maze, layout_basic,
          ebering_ecumenical_altar_mist, minmay_tripent

Skill      XL: |  1 |
---------------+----+-----
Axes           | 2 |  2.0
Invocations    | 1 |  1.1
Fighting       | |  3.2
Armour         | |  2.8
Shields        | |  2.6

Action                   || total
-------------------------++-------
Melee: War axe           ||    29
Armor: Scale mail        ||    17
Dodge: Dodged            ||    10
Block: Kite shield       ||    23

Table legend: (Time is in decaauts)
 A = Elapsed time spent in this place.
 B = Non-inter-level travel time spent in this place.
 C = Inter-level travel time spent in this place.
 D = Time resting spent in this place.
 E = Time spent auto-exploring this place.
 F = Levels seen in this place.
 G = Mean time per level.
                   A        B        C        D        E       F      G
               +--------+--------+--------+--------+--------+-----+--------+
         Total |    283 |    283 |      0 |      0 |    213 |   1 |  283.0 |
       Dungeon |    283 |    283 |      0 |      0 |    213 |   1 |  283.0 |
               +--------+--------+--------+--------+--------+-----+--------+

Top non-repeatable levels by time:
     D:1: 283 daAuts
